 Dungeon Crawl Stone Soup version 0.29-a0-878-g7b45a56547 (webtiles) character file.

Game seed: 15697668219985721752

4460 freelancePsychic the Trooper (level 9, -2/78 HPs)
             Began as a Demigod Fighter on July 20, 2022.
             Slain by a wight
             ... wielding a +2 war axe
              (12 damage)
             ... on level 8 of the Dungeon.
             The game lasted 00:18:42 (12673 turns).

freelancePsychic the Trooper (Demigod Fighter)     Turns: 12673, Time: 00:18:42

Health: -2/78      AC: 11    Str: 17    XL:     9   Next: 93%
Magic:  10/19      EV: 10    Int: 22    God:
Gold:   1324       SH:  0    Dex: 13    Spells: 11/16 levels left

rFire   + . .      SeeInvis .   d - +5 quarterstaff of the Jolly Scars {venom, rCorr}
rCold   . . .      Faith    .   (shield currently unavailable)
rNeg    . . .      Spirit   .   h - +0 ring mail {rF+}
rPois   .          Reflect  .   (no helmet)
rElec   .          Harm     .   A - +0 cloak
rCorr   +          Rampage  .   (no gloves)
Will    .....                   k - +0 pair of boots
Stlth   +.........              (no amulet)
HPRegen 0.23/turn               f - ring of wizardry
MPRegen 0.16/turn               C - +4 ring of protection

@: about to teleport
A: high MP 1, forlorn, divine attributes
a: no special abilities


You were on level 8 of the Dungeon.
You visited 1 branch of the dungeon, and saw 8 of its levels.
You also visited: Sewer and Ossuary.

You collected 1324 gold pieces.

Inventory:

Hand Weapons
 a - a +0 flail
 d - the +5 quarterstaff of the Jolly Scars (weapon) {venom, rCorr}
   (You acquired it on level 2 of the Dungeon)

   It poisons the flesh of those it strikes.
   rCorr:     It protects you from acid and corrosion.
Armour
 c - a +0 buckler
 h - a +0 ring mail of fire resistance (worn)
 k - a +0 pair of boots (worn)
 A - a +0 cloak (worn)
Jewellery
 f - a ring of wizardry (left hand)
 C - a +4 ring of protection (right hand)
Wands
 l - a wand of iceblast (5)
 v - a wand of quicksilver (6)
 w - a wand of flame (31)
 J - a wand of paralysis (3)
Scrolls
 b - 4 scrolls of brand weapon
 e - a scroll of fear
 n - a scroll of poison
 p - a scroll of torment
 t - 2 scrolls of summoning {unknown}
 y - a scroll of acquirement
 z - 2 scrolls of fog {unknown}
 D - a scroll of identify {@r1}
 F - a scroll of amnesia {unknown}
 I - a scroll of magic mapping
Potions
 g - a potion of heal wounds {unknown}
 i - 2 potions of degeneration {unknown}
 j - a potion of haste {@q3}
 m - 7 potions of curing {unknown}
 o - 3 potions of flight {unknown}
 q - 3 potions of might
 s - a potion of mutation {unknown}
 u - a potion of magic {unknown}
 x - 2 potions of cancellation {unknown}
 B - 2 potions of lignification {unknown}
 E - 4 potions of resistance {unknown}
 G - 2 potions of attraction {unknown}


   Skills:
 + Level 6.7 Fighting
 - Level 3.5(4.0) Maces & Flails
 - Level 2.9(3.7) Staves
 - Level 2.6 Armour
 - Level 2.6 Shields
 + Level 4.4 Spellcasting
 + Level 5.6 Conjurations
 + Level 5.6 Ice Magic
 + Level 5.6 Air Magic


You had 11 spell levels left.
You knew the following spells:

 Your Spells              Type           Power      Damage    Failure   Level
a - Freezing Cloud        Conj/Ice/Air   14%        6-21      21%         5

Your spell library contained the following spells:

 Spells                   Type           Power      Damage    Failure   Level
 Mephitic Cloud           Conj/Pois/Air  21%        N/A       4%          3
 Sandblast                Erth           8%         2d5       8%          1
 Stone Arrow              Conj/Erth      34%        3d9       8%          3
 Passwall                 Tmut/Erth      3%         N/A       12%         2
 Ignite Poison            Fire/Tmut/Pois 4%         N/A       22%         3
 Olgreb's Toxic Radiance  Pois           4%         N/A       56%         4
 Ozocubu's Refrigeration  Ice            14%        4d7       99%         7
 Ignition                 Fire           2%         3d3       100%        8


Dungeon Overview and Level Annotations

Branches:
Dungeon (8/15)             Temple (0/1) D:5           Sewer (visited)
Ossuary (visited)
   Lair: D:8-11

Shops:
D:1 [

Annotations:
D:4 3 runed translucent doors, zishaf's ghost, amateur VSBr
D:7 2 transporters, Gus979's ghost, novice DrTm
D:8 Joseph


Innate Abilities, Weirdness & Mutations

You have an increased reservoir of magic. (+10% MP)
You shall have no god before yourself.
Your divine heritage dramatically boosts your attributes as you level up.


Message History

The killer bee stings you but does no damage.
You miss the killer bee.
The killer bee is moderately wounded.
You feel sick. The killer bee barely misses you. x2
You hit the killer bee.
You kill the killer bee!
You feel sick.
You feel sick.
You feel sick.
You feel sick.
You feel sick.
You are no longer poisoned.
A killer bee comes into view.
Casting: Freezing Cloud (dangerous; 21% risk of failure)
Confirm with . or Enter, or press ? or * to list all spells.
Aiming: Freezing Cloud (dangerous; 21% risk of failure)
Press: ? - help, Dir - move target The killer bee is engulfed in freezing vapours. x2
Casting: Freezing Cloud (dangerous; 21% risk of failure)
Confirm with . or Enter, or press ? or * to list all spells.
Aiming: Freezing Cloud (dangerous; 21% risk of failure)
Press: ? - help, Dir - move target, f - killer bee
Aim: a killer bee (severely wounded) That beam is likely to hit you.
Continue anyway?
You are engulfed in freezing vapours.
The killer bee is engulfed in freezing vapours.
You kill the killer bee!
A jelly comes into view.
You are engulfed in freezing vapours.
* * * LOW HITPOINT WARNING * * *
The wight is engulfed in freezing vapours.
The jelly is engulfed in freezing vapours.
The wight is engulfed in freezing vapours.
As you read the scroll of fear, it crumbles to dust.
You assume a fearsome visage.
The jelly looks frightened!
The wight is unaffected.
The wight is engulfed in freezing vapours.
As you read the scroll of teleportation {@r4}, it crumbles to dust.
You feel strangely unstable. The wight hits you with a +2 war axe!
You die...

* #.# *.###..# #.# #...... * #.#
*.##...#######.# #.####. * #.#
*.##..†........# #.# #..
****#@###.##...##.###### #.# #.#
**,,...........##.# #.# #.#
**,**,*##.####.##.# #.# #.#
**,**,* #,* #.##.# #)# #.#
**,**,**#.####§##.#########.###.#
,,,,,,,...z..J.z@.........).....#
**,**,*#.####.######........#####
**,**,**,* #.,****######.###
**,**,**,* #.,**,,,* #.#
,*,**,**,***#.,,,,_,* #.#######
,,,,,,*****,..,,,,,,* #.......)
,*,,,,,*,,,,..,,,**** #########
******,*,_,,,,,*** * *,*,,,**,,*


You could see a jelly (fleeing) and 2 wights.

Vanquished Creatures
  Eustachio (D:6)
  4 yaks (D:7)
  Menkaure (D:7)
  A water moccasin (D:7)
  Duvessa (D:6)
  2 orc warriors
  An ice beast (D:7)
  2 sky beasts
  An ogre (D:6)
  A phantom (D:6)
  2 kobold brigands
  2 elf zombies (Ossuary)
  3 bullfrogs (D:7)
  A necrophage (D:4)
  5 scorpions
  8 wights
  Dowan (D:6)
  10 killer bees (D:8)
  2 howler monkeys
  A centaur zombie (Ossuary)
  3 jellies
  A hound (D:5)
  A human zombie (Ossuary)
  Crazy Yiuf (D:5)
  6 orc priests
  A gnoll bouda (D:8)
  Ijyb (D:5)
  2 iguanas (D:5)
  5 orc wizards
  2 mummies (Ossuary)
  12 adders
  7 gnolls
  5 river rats (Sewer)
  2 ufetubi
  2 worms
  13 orcs
  15 ball pythons
  6 bats
  7 endoplasms
  9 giant cockroaches
  4 goblins
  12 hobgoblins
  5 jackals
  4 quokkas
  6 frilled lizards
  2 goblin zombies
  14 hobgoblin zombies (Ossuary)
  19 kobolds
  9 kobold zombies (Ossuary)
  6 orc zombies (Ossuary)
  7 rats
  2 rat zombies (Ossuary)
241 creatures vanquished.

Vanquished Creatures (others)
  7 plants
  6 withered plants (D:8)
13 creatures vanquished.

Grand Total: 254 creatures vanquished

Notes
Turn   | Place    | Note
-------+----------+-------------------------------------------
     0 | D:1      | freelancePsychic the Demigod Fighter began the quest for
                  | the Orb.
     0 | D:1      | Reached XP level 1. HP: 18/18 MP: 3/3
   172 | D:1      | Found Noses's Armour Shop.
   880 | D:1      | Reached XP level 2. HP: 19/25 MP: 4/4
  1271 | D:2      | Reached skill level 3 in Fighting
  1409 | D:2      | Reached XP level 3. HP: 28/31 MP: 5/5
  1556 | D:2      | Reached XP level 4. HP: 6/38 MP: 6/6
  1604 | D:2      | Identified 2 scrolls of acquirement
  1604 | D:2      | Acquired the +5 quarterstaff of the Jolly Scars {venom,
                  | rCorr}
  1606 | D:2      | Acquired 1069 gold pieces
  2784 | D:3      | Reached skill level 1 in Staves
  2784 | D:3      | Reached skill level 1 in Conjurations
  2784 | D:3      | Reached skill level 1 in Ice Magic
  2784 | D:3      | Reached skill level 1 in Air Magic
  2784 | D:3      | Reached XP level 5. HP: 46/46 MP: 7/7
  3253 | D:4      | Reached skill level 4 in Fighting
  3253 | D:4      | Reached XP level 6. HP: 43/52 MP: 8/8
  3728 | D:4      | Found a runed translucent gate.
  3729 | D:4      | Found a runed translucent gate.
  3730 | D:4      | Found a runed translucent gate.
  3732 | D:4      | Noticed zishaf's ghost (amateur VSBr)
  4096 | D:4      | Learned a level 5 spell: Freezing Cloud
  4123 | D:5      | Entered Level 5 of the Dungeon
  4281 | D:5      | Found a glowing drain.
  4298 | Sewer    | Entered a sewer
  4335 | Sewer    | Reached XP level 7. HP: 57/60 MP: 9/9
  5436 | D:5      | Found a staircase to the Ecumenical Temple.
  5508 | D:5      | Noticed Ijyb
  5514 | D:5      | Killed Ijyb
  5809 | D:5      | Found a runed translucent door.
  5810 | D:5      | Noticed Crazy Yiuf
  5884 | D:5      | Reached skill level 1 in Spellcasting
  6251 | D:5      | Killed Crazy Yiuf
  6382 | D:6      | Noticed Eustachio
  6389 | D:6      | Killed Eustachio
  6487 | D:6      | Noticed Dowan
  6692 | D:5      | Reached XP level 8. HP: 60/67 MP: 13/13
  6973 | D:5      | Reached skill level 5 in Fighting
  7716 | D:6      | Noticed Duvessa
  7721 | D:6      | Killed Duvessa
  7723 | D:6      | Killed Dowan
  8425 | D:7      | Noticed Gus979's ghost (novice DrTm)
  8712 | D:7      | Reached XP level 9. HP: 43/75 MP: 17/17
  9209 | D:6      | Reached skill level 6 in Fighting
 10293 | D:7      | Reached skill level 5 in Conjurations
 10293 | D:7      | Reached skill level 5 in Ice Magic
 10293 | D:7      | Reached skill level 5 in Air Magic
 10566 | D:7      | Found a transporter.
 10618 | D:7      | Noticed Menkaure
 10845 | D:7      | Found a transporter.
 11143 | D:7      | Killed Menkaure
 11551 | D:8      | Noticed Joseph
 11554 | D:8      | Found a sand-covered staircase.
 11561 | Ossuary  | Entered an ossuary
 12673 | D:8      | Slain by a wight

Illustrated notes

Levels and vault maps discovered:
D:1:      reono_arrival_mine, layout_loops_corners, serial_shops,
          nicolae_shop_stone
D:2:      layout_basic
D:3:      layout_rooms, nicolae_vehumet_radiance,
          shapermc_ecumenical_altar_ellora
D:4:      layout_cave_pools, gammafunk_ghost_nasty_kobolds, minmay_small_thing
D:5:      layout_basic, minmay_temple_entry_large_hall, gup_sewer_entry_pipe,
          uniq_ijyb, uniq_crazy_yiuf_cottage
D:6:      layout_loops_ring, mainiacjoe_overflow_alcove_1,
          kennysheep_generic_room_4, uniq_duvessa, uniq_eustachio
D:7:      layout_loops_ring, zin_scriptorium, gammafunk_ghost_stat_death,
          uniq_menkaure
D:8:      layout_loops_ring, grunt_temple_overflow_growth_and_decay,
          enter_ossuary_4, uniq_joseph, uniq_gastronok

Skill      XL: |  1  2  3  4  5  6  7  8  9 |
---------------+----------------------------+-----
Maces & Flails | 2 3 |  3.5
Fighting       | 3 4 5 6 |  6.7
Staves         | 1 2 |  2.9
Conjurations   | 1 2 3 4 5 |  5.6
Ice Magic      | 1 2 3 4 5 |  5.6
Air Magic      | 1 2 3 4 5 |  5.6
Spellcasting   | 1 3 4 |  4.4
Armour         | |  2.6
Shields        | |  2.6

Action                   |  1- 3 |  4- 6 |  7- 9 || total
-------------------------+-------+-------+-------++-------
Melee: Flail             |    89 |       |       ||    89
       Quarterstaff      |       |   164 |   419 ||   583
Throw: Throwing net      |       |       |     3 ||     3
 Cast: Freezing Cloud    |       |       |     7 ||     7
Evoke: Wand              |       |       |     9 ||     9
  Use: Potion            |     1 |       |     2 ||     3
       Scroll            |       |     9 |     7 ||    16
 Stab: Held in net/web   |       |       |     1 ||     1
Armor: Scale mail        |    42 |    28 |       ||    70
       Ring mail         |       |    49 |   176 ||   225
Dodge: Dodged            |    44 |   104 |   210 ||   358
Block: Buckler           |    24 |       |       ||    24

Table legend: (Time is in decaauts)
 A = Elapsed time spent in this place.
 B = Non-inter-level travel time spent in this place.
 C = Inter-level travel time spent in this place.
 D = Time resting spent in this place.
 E = Time spent auto-exploring this place.
 F = Levels seen in this place.
 G = Mean time per level.
                   A        B        C        D        E       F      G
               +--------+--------+--------+--------+--------+-----+--------+
         Total |  12914 |  12364 |    550 |   1171 |   9102 |  10 | 1291.4 |
       Dungeon |  11360 |  10810 |    550 |   1171 |   7940 |   8 | 1420.0 |
         Sewer |   1034 |   1034 |      0 |      0 |    824 |   1 | 1034.0 |
       Ossuary |    519 |    519 |      0 |      0 |    338 |   1 |  519.0 |
               +--------+--------+--------+--------+--------+-----+--------+

Top non-repeatable levels by time:
     D:5: 2874 daAuts
     D:7: 1974 daAuts
     D:6: 1690 daAuts
     D:2: 1256 daAuts
     D:4: 1101 daAuts
     D:1: 1096 daAuts
   Sewer: 1034 daAuts
     D:3: 718 daAuts
     D:8: 648 daAuts
 Ossuary: 519 daAuts
